 Dungeon Crawl Stone Soup version 0.21-a0-529-g8c7b3f5 (webtiles) character file.

29 slep the Chopper (level 3, -3/28 HPs)
             Began as a Formicid Gladiator on Dec 10, 2017.
             Slain by a worm (9 damage)
             ... on level 2 of the Dungeon.
             The game lasted 00:02:25 (898 turns).

slep the Chopper (Formicid Gladiator)                Turns: 898, Time: 00:02:25

Health: -3/28      AC:  3    Str: 18    XL:     3   Next: 32%
Magic:  3/3        EV: 13    Int:  7    God:
Gold:   15         SH:  0    Dex: 13    Spells: 2/2 levels left

rFire    . . .     SeeInvis +   a - +0 war axe
rCold    . . .     Gourm    .   (no shield)
rNeg     . . .     Faith    .   b - +0 leather armour
rPois    .         Spirit   .   (helmet unavailable)
rElec    .         Reflect  .   (no cloak)
rCorr    .         Harm     .   (no gloves)
MR       .....                  (no boots)
Stlth    +.........             (no amulet)
HPRegen  0.09/turn              e - ring of flight
MPRegen  0.08/turn              (no ring)

@: no status effects
A: permanent stasis, dig shafts and tunnels, four strong arms, antennae 3
a: Dig, Shaft Self, Evoke Flight


You were on level 2 of the Dungeon.
You were not hungry.

You visited 1 branch of the dungeon, and saw 2 of its levels.

You collected 15 gold pieces.

Inventory:

Hand Weapons
 a - a +0 war axe (weapon)
Missiles
 c - 3 throwing nets (quivered)
Armour
 b - a +0 leather armour (worn)
Jewellery
 e - a ring of flight (left hand)
Scrolls
 f - 2 scrolls of remove curse {unknown}
 g - a scroll of magic mapping {unknown}
 h - 3 scrolls of identify {unknown}
 k - a scroll of enchant armour {unknown}
Potions
 j - a potion of flight {unknown}
Comestibles
 d - a bread ration
 i - 2 meat rations


   Skills:
 + Level 2.5 Fighting
 + Level 3.7 Axes
 + Level 2.1 Throwing
 + Level 0.4 Armour
 + Level 2.9 Dodging


You had 2 spell levels left.
You didn't know any spells.

Dungeon Overview and Level Annotations

Branches:
Dungeon (2/15)

Altars:


Innate Abilities, Weirdness & Mutations

You cannot be hasted, slowed, berserked, paralysed or teleported.
You can dig through walls and to a lower floor.
Your four strong arms can wield two-handed weapons with a shield.
You have a pair of large antennae on your head. (SInv)


Message History

The worm is severely wounded.
You barely miss the worm. The worm bites you. The worm barely misses you.
You barely miss the worm.
The worm is severely wounded.
You hit the worm. The worm bites you.
You slash the worm!
You kill the worm!
You hit the worm but do no damage. The worm bites you.
* * * LOW HITPOINT WARNING * * *
You barely miss the worm.
The worm is moderately wounded.
The worm misses you.
You hit the worm.
The worm is moderately wounded.
The worm bites you.
* * * LOW HITPOINT WARNING * * *
You hit the worm.
The worm is heavily wounded.
The worm bites you!
You die...

.. #.. .###.# ....#
#.# #.... #.# #...##
##.# #..... # #..#
#.w.##.#.## #..#
#..@....... #..#
##..###.#.##.
#..######............
#..........######>.##
#.####....#.# #.#
###...## #.# ##.##
#.# #.#####.. #†##
#.......#


You could see a worm.

Vanquished Creatures
  A worm (D:2)
  A leopard gecko (D:1)
  3 bats (D:1)
  6 hobgoblins (D:1)
  2 kobolds (D:1)
  5 frilled lizards (D:1)
  A goblin (D:1)
  7 rats
26 creatures vanquished.

Notes
Turn   | Place    | Note
-------+----------+-------------------------------------------
     0 | D:1      | slep the Formicid Gladiator began the quest for the Orb.
     0 | D:1      | Reached XP level 1. HP: 16/16 MP: 1/1
   376 | D:1      | Reached XP level 2. HP: 19/23 MP: 2/2
   651 | D:1      | Reached XP level 3. HP: 9/28 MP: 3/3
   898 | D:2      | Slain by a worm

Vault maps used:
D:1:      lightli_arrival_chessboard
D:2:      serial_glass, glass_columns_a, glass_columns_a,
          minmay_strange_pillars, due_unseen_surprise, feat_on_display,
          feat_on_display

Action                   || total
-------------------------++-------
Melee: War axe           ||    73
 Stab: Sleeping          ||     1
Armor: Leather armour    ||    19
Dodge: Dodged            ||    50

Table legend:
 A = Spawn XP
 B = Non-spawn XP
 C = Spawn XP percentage of total XP
 D = Spawn monster count
 E = Non-spawn monster count
 F = Spawn count percentage of total count
 G = Total turns spent on level
                    A         B        C        D         E        F      G
               +---------+---------+-------+---------+---------+-------+---------
         Total |       0 |      42 |   0.0 |       0 |      26 |   0.0 |   898
               +---------+---------+-------+---------+---------+-------+---------
           D:1 |       0 |      35 |   0.0 |       0 |      23 |   0.0 |   852
           D:2 |       0 |       7 |   0.0 |       0 |       3 |   0.0 |    46
               +---------+---------+-------+---------+---------+-------+---------
